 Dungeon Crawl Stone Soup version 0.27-a0-765-ge4d627daa3 (webtiles) character file.

Game seed: 12107653703234897716

21 dolemite99 the Magician (level 2, 0/22 HPs)
             Began as a Djinni Necromancer on Mar 25, 2021.
             Slain by an ufetubus (2 damage)
             ... on level 4 of the Dungeon.
             The game lasted 00:01:36 (2740 turns).

dolemite99 the Magician (Djinni Necromancer)        Turns: 2740, Time: 00:01:36

Health: 0/22       AC:  2    Str:  7    XL:     2   Next: 83%
Gold:   57         EV: 12    Int: 16    God:
                   SH:  0    Dex: 13

rFire    + + .     SeeInvis .   a - +0 dagger
rCold    x . .     Faith    .   (no shield)
rNeg     . . .     Spirit   .   b - +0 robe
rPois    ∞         Reflect  .   (no helmet)
rElec    .         Harm     .   (no cloak)
rCorr    .         Rampage  .   (no gloves)
Will     .....                  (boots unavailable)
Stlth    ++........             (no amulet)
HPRegen  0.07/turn              (no ring)
MPRegen  0.00/turn              (no ring)

@: flying
A: fire resistance 2, cold vulnerability 1, float, innate caster, hp casting,
extra vitality 1
a: no special abilities


You were on level 4 of the Dungeon.
You visited 1 branch of the dungeon, and saw 3 of its levels.

You collected 57 gold pieces.

Inventory:

Hand Weapons
 a - a +0 dagger (weapon)
Missiles
 c - 33 stones
 g - 7 poisoned darts
Armour
 b - a +0 robe (worn)
Scrolls
 f - 3 scrolls of teleportation {unknown}
 h - a scroll of amnesia {unknown}
Potions
 d - a potion of lignification {unknown}
 e - a potion of degeneration {unknown}
 i - a potion of curing {unknown}
 j - a potion of brilliance {unknown}


   Skills:
 + Level 1.5 Fighting
 - Level 2.4 Dodging
 - Level 1.8 Stealth
 - Level 3.7 Spellcasting


You couldn't memorise any spells.
You knew the following spells:

 Your Spells              Type           Power      Damage    Failure   Level
a - Pain                  Necr           56%        1d6       3%          1
b - Animate Skeleton      Necr           28%        N/A       3%          1
c - Vampiric Draining     Necr           7%         2d7       12%         3
d - Animate Dead          Necr           7%         N/A       36%         4
e - Agony                 Necr           14%        N/A       71%         5
Your spell library was empty.

Dungeon Overview and Level Annotations

Branches:
Dungeon (2/15)

Altars:
Qazlal


Innate Abilities, Weirdness & Mutations

You are immune to poison.
Your flesh is very heat resistant. (rF++)
You are vulnerable to cold. (rC-)
You float through the air rather than walking.
You learn spells naturally, not from books.
Your magical power is your life essence.
You have superior vitality. (+4 HP)


Message History

Done waiting.
j - a sedimented red potion
There are no items here.
You are sucked into a shaft and drop 2 floors!
The shaft crumbles and collapses.
An ufetubus comes into view.
The ufetubus shouts!
Found a ring mail.
The ufetubus hits you. x2
The ufetubus misses you. The ufetubus closely misses you.
The ufetubus hits you. The ufetubus barely misses you.
The ufetubus hits you. x2
You reach down and open the door.
The ufetubus hits you but does no damage.
The ufetubus hits you. The ufetubus closely misses you.
The ufetubus hits you but does no damage.
There is an open door here.
The ufetubus hits you. The ufetubus completely misses you.
Found an escape hatch in the floor.
The ufetubus barely misses you. x2
The ufetubus hits you. The ufetubus closely misses you.
A shadow imp and a skeleton come into view.
The shadow imp shouts!
Casting: Pain (safe; 3% risk of failure)
Confirm with . or Enter, or press ? or * to list all spells.
You can't see any susceptible monsters within range! (Use Z to cast anyway.)
You barely miss the ufetubus. The ufetubus hits you.
* * * LOW HITPOINT WARNING * * *
The ufetubus closely misses you.
You hit the ufetubus but do no damage. The ufetubus hits you.
* * * LOW HITPOINT WARNING * * *
The ufetubus closely misses you.
Something unseen opens the door.
The ufetubus hits you but does no damage.
The ufetubus hits you.
* * * LOW HITPOINT WARNING * * *
You hit the ufetubus.
The ufetubus is moderately wounded.
The ufetubus closely misses you. The ufetubus hits you.
You die...

##### #......# #....
#...... #.... ##......
+.... ....... #....
#...>. #..Z ####..#
..##...####...#.########
..5....@5.....'.........
#'#########...##.#####.
#...##..# #...###.##
#...#....# .# #####....#
..# #....#...#
#####.........
#######.........##..


You could see a shadow imp, an ufetubus and a hound skeleton.

Vanquished Creatures
  A worm (D:2)
  A ball python (D:1)
  2 endoplasms (D:1)
  3 giant cockroaches
  A goblin (D:1)
  A hobgoblin (D:1)
  2 quokkas
  A bat (D:1)
  2 frilled lizards (D:1)
  A kobold (D:1)
  A rat (D:1)
16 creatures vanquished.

Notes
Turn   | Place    | Note
-------+----------+-------------------------------------------
     0 | D:1      | dolemite99 the Djinni Necromancer began the quest for the
                  | Orb.
     0 | D:1      | Reached XP level 1. HP: 15/15 MP: 0/0
   751 | D:1      | Reached XP level 2. HP: 13/21 MP: 0/0
  1709 | D:1      | Reached skill level 1 in Fighting
  2176 | D:2      | Found a stormy altar of Qazlal.
  2715 | D:2      | You are sucked into a shaft and drop 2 floors!
  2740 | D:4      | Slain by an ufetubus

Illustrated notes

Levels and vault maps discovered:
D:1:      psy_arrival_statuary, layout_loops_ring
D:2:      layout_basic, nicolae_qazlal_eye_of_the_storm
D:4:      layout_basic, nicolae_yredelemnul_corpse_copse,
          minmay_temple_entry_statues_fountains

Skill      XL: |  1  2 |
---------------+-------+-----
Fighting       | 1 |  1.5
Dodging        | |  2.4
Stealth        | |  1.8
Spellcasting   | |  3.7

Action                   || total
-------------------------++-------
Melee: Dagger            ||     3
 Cast: Pain              ||    33
       Animate Skeleton  ||     3
Armor: Robe              ||     4
Dodge: Dodged            ||    17

Table legend: (Time is in decaauts)
 A = Elapsed time spent in this place.
 B = Non-inter-level travel time spent in this place.
 C = Inter-level travel time spent in this place.
 D = Time resting spent in this place.
 E = Time spent auto-exploring this place.
 F = Levels seen in this place.
 G = Mean time per level.
                   A        B        C        D        E       F      G
               +--------+--------+--------+--------+--------+-----+--------+
         Total |   2739 |   2724 |     15 |   1932 |    588 |   3 |  913.0 |
       Dungeon |   2739 |   2724 |     15 |   1932 |    588 |   3 |  913.0 |
               +--------+--------+--------+--------+--------+-----+--------+

Top non-repeatable levels by time:
     D:1: 1953 daAuts
     D:2: 760 daAuts
     D:4: 24 daAuts
